 Dungeon Crawl Stone Soup version 0.29-a0-294-g83ea962da3 (webtiles) character file.

Game seed: 5649093446048122018

340 Ajdolov the Covert (level 6, 0/50 (53) HPs)
             Began as a Gnoll Delver on Mar 18, 2022.
             Slain by a wight
             ... wielding a +0 war axe
              (1 damage)
             ... on level 4 of the Dungeon.
             The game lasted 00:06:42 (3402 turns).

Ajdolov the Covert (Gnoll Delver)                   Turns: 3402, Time: 00:06:43

HP:   0/50 (53)     AC: 10    Str: 13    XL:     6   Next: 56%
MP:   9/9           EV:  7    Int: 10    God:
Gold: 237           SH:  0    Dex: 13    Spells: 9/9 levels left

rFire   . . .      SeeInvis .   B - +2 whip (venom)
rCold   . . .      Faith    .   (no shield)
rNeg    . . .      Spirit   .   w - +0 chain mail
rPois   .          Reflect  .   (no helmet)
rElec   .          Harm     .   (no cloak)
rCorr   .          Rampage  .   u - +0 pair of gloves
Will    +....                   j - +0 pair of boots
Stlth   +.........              p - amulet of regeneration
HPRegen 0.96/turn               y - ring of willpower
MPRegen 0.11/turn               (no ring)

@: hasted, drained, very quick
A: fangs 1, strong nose, distributed training
a: no special abilities


You were on level 4 of the Dungeon.
You visited 1 branch of the dungeon, and saw 5 of its levels.

You collected 237 gold pieces.

Inventory:

Hand Weapons
 B - a +2 whip of venom (weapon)
Missiles
 k - 6 poisoned darts (quivered)
 A - a throwing net
Armour
 b - a +0 leather armour
 j - a +0 pair of boots (worn)
 u - a +0 pair of gloves (worn)
 w - a +0 chain mail (worn)
Jewellery
 p - an amulet of regeneration (around neck)
 v - a ring of wizardry
 y - a ring of willpower (left hand)
Wands
 g - a wand of digging (3)
Scrolls
 a - a scroll of amnesia {unknown}
 c - 2 scrolls of fog
 d - a scroll of magic mapping
 e - a scroll of fear
 l - a scroll of noise {unknown}
 m - a scroll of enchant armour {unknown}
 n - 4 scrolls of enchant weapon {unknown}
 r - a scroll of teleportation {unknown}
 t - 7 scrolls of identify {unknown}
 C - a scroll of immolation {unknown}
Potions
 h - a potion of mutation {unknown}
 i - a potion of brilliance {unknown}
 o - 2 potions of lignification {unknown}
 q - a potion of magic {unknown}
 s - 2 potions of attraction {unknown}
 x - 2 potions of degeneration {unknown}
 z - a potion of cancellation {unknown}


   Skills:
 + Level 6.8 Fighting
 + Level 2.0 Short Blades
 + Level 2.0 Long Blades
 + Level 2.0 Axes
 + Level 5.0 Maces & Flails
 + Level 2.0 Polearms
 + Level 2.0 Staves
 + Level 2.0 Slings
 + Level 2.0 Bows
 + Level 2.0 Crossbows
 + Level 2.0 Throwing
 + Level 2.0 Armour
 + Level 5.0 Dodging
 + Level 9.8 Stealth
 + Level 2.0 Shields
 + Level 2.0 Unarmed Combat
 + Level 2.0 Spellcasting
 + Level 1.6 Conjurations
 + Level 1.6 Hexes
 + Level 1.6 Summonings
 + Level 1.6 Necromancy
 + Level 1.6 Translocations
 + Level 1.6 Transmutations
 + Level 1.6 Fire Magic
 + Level 1.6 Ice Magic
 + Level 1.6 Air Magic
 + Level 1.6 Earth Magic
 + Level 1.6 Poison Magic
 + Level 2.2 Invocations
 + Level 2.0 Evocations


You had 9 spell levels left.
You didn't know any spells.
Your spell library contained the following spells:

 Spells                   Type           Power      Damage    Failure   Level
 Animate Skeleton         Necr           8%         N/A       99%         1
 Apportation              Tloc           8%         N/A       99%         1
 Magic Dart               Conj           16%        1d3       99%         1
 Summon Small Mammal      Summ           16%        N/A       99%         1
 Call Imp                 Summ           4%         N/A       100%        2
 Scorch                   Fire           8%         2d5       100%        2
 Mephitic Cloud           Conj/Pois/Air  4%         N/A       100%        3
 Flame Wave               Conj/Fire      4%         2d5       100%        4
 Summon Cactus Giant      Summ           2%         N/A       100%        6


Dungeon Overview and Level Annotations

Branches:
Dungeon (5/15)
 Temple: D:4-7

Altars:
The Shining One


Innate Abilities, Weirdness & Mutations

You have very sharp teeth.
Your uncanny sense of smell can sniff out nearby items.
Your experience applies equally to all skills.


Message History

The ogre is moderately wounded.
You whack the ogre!
The ogre looks as sick as possible!
The ogre is heavily wounded.
The ogre hits you with a +0 giant spiked club!!
Ouch! That really hurt!
* * * LOW HITPOINT WARNING * * *
You hit the ogre.
The ogre looks as sick as possible!
You bite the ogre, but do no damage.
The ogre is severely wounded.
The ogre hits you with a +0 giant spiked club.
* * * LOW HITPOINT WARNING * * *
You kill the ogre!
Your life force feels restored.
Your Short Blades skill increases to level 2!
Your Long Blades skill increases to level 2!
Your Axes skill increases to level 2!
Your Maces & Flails skill increases to level 5!
Your Polearms skill increases to level 2!
Your Staves skill increases to level 2!
Your Slings skill increases to level 2!
Your Bows skill increases to level 2!
Your Crossbows skill increases to level 2!
Your Throwing skill increases to level 2!
Your Armour skill increases to level 2!
Your Dodging skill increases to level 5!
Your Shields skill increases to level 2!
Your Unarmed Combat skill increases to level 2!
Your Spellcasting skill increases to level 2!
Your Evocations skill increases to level 2!
The wight attacks as you move away! The wight hits you but does no damage.
There is a stone staircase leading up here.
The wight attacks as you move away! The wight hits you with a +0 war axe!
* * * LOW HITPOINT WARNING * * *
You feel drained.
* * * LOW HITPOINT WARNING * * *
The wight attacks as you move away! The wight hits you with a +0 war axe.
* * * LOW HITPOINT WARNING * * *
You feel yourself speed up. The wight hits you with a +0 war axe!
* * * LOW HITPOINT WARNING * * *
You feel drained.
You die...

###### #### ######....# ...#
#....'....# ...# #.####....#####
...################.####....#....
...'..<.......)..................
...######.###.##.##..........(...
...# #.#...##@#######...##....
#########z#.###..z.....<....#....
......z...#'###..##......#..+....
..###.####.......##......#.##....
..# #.## #.......##......+.##....
..###z.# #.......##......#+##....
..'....###.......#####...........
..####..##.......# #.[.....####
..#.....##.......# #....>..#


You could see a wight.

Vanquished Creatures
  An ogre (D:4)
  A hound (D:4)
  A jelly (D:5)
  An iguana (D:4)
  3 gnolls (D:3)
  6 adders
  An ufetubus (D:4)
  3 dart slugs
  9 orcs
  9 bats
  7 endoplasms
  2 giant cockroaches
  3 goblins
  4 hobgoblins
  2 jackals (D:3)
  3 quokkas
  6 ball pythons
  8 kobolds
  6 rats
76 creatures vanquished.

Notes
Turn   | Place    | Note
-------+----------+-------------------------------------------
     0 | D:5      | Reached skill level 9 in Stealth
     0 | D:5      | Ajdolov the Gnoll Delver began the quest for the Orb.
     0 | D:5      | Reached XP level 1. HP: 23/23 MP: 1/1
     6 | D:5      | Noticed a jelly
   261 | D:3      | Reached XP level 2. HP: 29/29 MP: 2/2
   392 | D:3      | Found a glowing golden altar of the Shining One.
   544 | D:3      | Reached XP level 3. HP: 15/31 MP: 3/3
   866 | D:2      | Reached skill level 1 in Invocations
  1044 | D:1      | Reached skill level 1 in Short Blades
  1044 | D:1      | Reached skill level 1 in Long Blades
  1044 | D:1      | Reached skill level 1 in Axes
  1044 | D:1      | Reached skill level 1 in Polearms
  1044 | D:1      | Reached skill level 1 in Staves
  1044 | D:1      | Reached skill level 1 in Slings
  1044 | D:1      | Reached skill level 1 in Bows
  1044 | D:1      | Reached skill level 1 in Crossbows
  1044 | D:1      | Reached skill level 1 in Throwing
  1044 | D:1      | Reached skill level 1 in Armour
  1044 | D:1      | Reached skill level 1 in Shields
  1044 | D:1      | Reached skill level 1 in Unarmed Combat
  1044 | D:1      | Reached skill level 1 in Spellcasting
  1044 | D:1      | Reached skill level 1 in Evocations
  1268 | D:1      | Reached XP level 4. HP: 39/39 MP: 5/5
  1864 | D:2      | Reached skill level 1 in Conjurations
  1864 | D:2      | Reached skill level 1 in Hexes
  1864 | D:2      | Reached skill level 1 in Summonings
  1864 | D:2      | Reached skill level 1 in Necromancy
  1864 | D:2      | Reached skill level 1 in Translocations
  1864 | D:2      | Reached skill level 1 in Transmutations
  1864 | D:2      | Reached skill level 1 in Fire Magic
  1864 | D:2      | Reached skill level 1 in Ice Magic
  1864 | D:2      | Reached skill level 1 in Air Magic
  1864 | D:2      | Reached skill level 1 in Earth Magic
  1864 | D:2      | Reached skill level 1 in Poison Magic
  2395 | D:3      | Reached XP level 5. HP: 34/47 MP: 6/6
  3107 | D:4      | Reached XP level 6. HP: 49/53 MP: 8/8
  3385 | D:4      | Reached skill level 5 in Maces & Flails
  3385 | D:4      | Reached skill level 5 in Dodging
  3402 | D:4      | HP: 1/52 [wight/+0 war axe (11)]
  3402 | D:4      | Slain by a wight

Illustrated notes

Levels and vault maps discovered:
D:1:      mrwooster_arrival_statue, layout_loops_ring
D:2:      layout_loops_cross, kennysheep_nub
D:3:      layout_loops_ring, nicolae_tso_carved_into_rock, kennysheep_boxes
D:4:      layout_basic
D:5:      layout_gridville, minmay_temple_entry_sparse_star, serial_rivers,
          chequers_serial_rivers_micro_d, chequers_serial_rivers_micro_c,
          chequers_serial_rivers_marsh, chequers_serial_rivers_small_3,
          chequers_serial_rivers_marsh, chequers_serial_rivers_small_b,
          grunt_decor_arrowhead

Skill      XL: |  1  2  3  4  5  6 |
---------------+-------------------+-----
Stealth        | |  9.8
Invocations    | 1 2 |  2.2
Short Blades   | 1 2 |  2.0
Long Blades    | 1 2 |  2.0
Axes           | 1 2 |  2.0
Polearms       | 1 2 |  2.0
Staves         | 1 2 |  2.0
Slings         | 1 2 |  2.0
Bows           | 1 2 |  2.0
Crossbows      | 1 2 |  2.0
Throwing       | 1 2 |  2.0
Armour         | 1 2 |  2.0
Shields        | 1 2 |  2.0
Unarmed Combat | 1 2 |  2.0
Spellcasting   | 1 2 |  2.0
Evocations     | 1 2 |  2.0
Conjurations   | 1 |  1.6
Hexes          | 1 |  1.6
Summonings     | 1 |  1.6
Necromancy     | 1 |  1.6
Translocations | 1 |  1.6
Transmutations | 1 |  1.6
Fire Magic     | 1 |  1.6
Ice Magic      | 1 |  1.6
Air Magic      | 1 |  1.6
Earth Magic    | 1 |  1.6
Poison Magic   | 1 |  1.6
Maces & Flails | 5 |  5.0
Dodging        | 5 |  5.0
Fighting       | |  6.8

Action                   |  1- 3 |  4- 6 || total
-------------------------+-------+-------++-------
Melee: Mace              |   110 |   101 ||   211
       Bite              |     7 |    16 ||    23
       Punch             |     1 |     4 ||     5
       Whip              |       |    48 ||    48
  Use: Potion            |       |     1 ||     1
 Stab: Sleeping          |    11 |     5 ||    16
Armor: Leather armour    |    38 |     8 ||    46
       Chain mail        |       |    78 ||    78
Dodge: Dodged            |    87 |    76 ||   163

Table legend: (Time is in decaauts)
 A = Elapsed time spent in this place.
 B = Non-inter-level travel time spent in this place.
 C = Inter-level travel time spent in this place.
 D = Time resting spent in this place.
 E = Time spent auto-exploring this place.
 F = Levels seen in this place.
 G = Mean time per level.
                   A        B        C        D        E       F      G
               +--------+--------+--------+--------+--------+-----+--------+
         Total |   3433 |   3249 |    184 |    314 |   1820 |   5 |  686.6 |
       Dungeon |   3433 |   3249 |    184 |    314 |   1820 |   5 |  686.6 |
               +--------+--------+--------+--------+--------+-----+--------+

Top non-repeatable levels by time:
     D:3: 1269 daAuts
     D:1: 770 daAuts
     D:2: 684 daAuts
     D:4: 649 daAuts
     D:5: 60 daAuts
